 Dungeon Crawl Stone Soup version 0.27.1-33-g824d729ab1 (webtiles) character file.

Game seed: 6550236764968636050

1 Descartes the Magician (level 1, 0/13 HPs)
             Began as a Demonspawn Wanderer on Dec 21, 2021.
             Slain by a jackal (3 damage)
             ... on level 1 of the Dungeon.
             The game lasted 00:00:55 (36 turns).

Descartes the Magician (Demonspawn Wanderer)          Turns: 36, Time: 00:00:56

Health: 0/13       AC:  3    Str: 14    XL:     1   Next: 16%
Magic:  5/5        EV: 11    Int: 13    God:
Gold:   0          SH:  0    Dex: 10    Spells: 7/8 levels left

rFire    . . .     SeeInvis .   a - +0 club
rCold    . . .     Faith    .   (no shield)
rNeg     . . .     Spirit   .   d - +0 leather armour
rPois    .         Reflect  .   (no helmet)
rElec    .         Harm     .   (no cloak)
rCorr    .         Rampage  .   (no gloves)
Will     .....                  (no boots)
Stlth    +.........             (no amulet)
HPRegen  0.04/turn              (no ring)
MPRegen  0.09/turn              (no ring)

@: no status effects
A: no striking features
a: no special abilities


You were on level 1 of the Dungeon.
You visited 1 branch of the dungeon, and saw 1 of its levels.

Inventory:

Hand Weapons
 a - a +0 club (weapon)
 e - a +0 dagger
Missiles
 b - 4 throwing nets (quivered)
Armour
 d - a +0 leather armour (worn)
Potions
 c - a potion of lignification


   Skills:
 - Level 1.7 Staves
 - Level 1.0 Dodging
 - Level 1.7 Stealth
 - Level 4.0 Spellcasting
 - Level 1.0 Summonings
 + Level 0.3 Earth Magic


You had 7 spell levels left.
You knew the following spells:

 Your Spells              Type           Power      Damage    Failure   Level
a - Sandblast             Erth           6%         2d5       22%         1

Your spell library contained the following spells:

 Spells                   Type           Power      Damage    Failure   Level
 Stone Arrow              Conj/Erth      6%         3d7       58%         3


Dungeon Overview and Level Annotations

Branches:
Dungeon (1/15)

Altars:


Message History

You are too injured to fight recklessly!
You are too injured to fight recklessly!
You are too injured to fight recklessly!
You are too injured to fight recklessly!
You are too injured to fight recklessly!
You are too injured to fight recklessly!
You are too injured to fight recklessly!
You are too injured to fight recklessly!
You are too injured to fight recklessly!
You are too injured to fight recklessly!
You are too injured to fight recklessly!
You are too injured to fight recklessly!
You are too injured to fight recklessly!
You are too injured to fight recklessly!
You are too injured to fight recklessly!
You are too injured to fight recklessly!
You are too injured to fight recklessly!
You are too injured to fight recklessly!
You are too injured to fight recklessly!
You are too injured to fight recklessly!
You are too injured to fight recklessly!
You hit the jackal.
The jackal is heavily wounded.
The jackal barely misses you. The jackal bites you.
* * * LOW HITPOINT WARNING * * *
The jackal bites you but does no damage.
The jackal bites you but does no damage.
You hit the plant.
The plant begins to die.
The plant is lightly damaged.
The jackal bites you but does no damage.
The jackal bites you but does no damage.
You hit the jackal.
You kill the jackal!
You closely miss the jackal.
The jackal is heavily wounded.
A nearby plant withers and dies.
The jackal barely misses you.
The jackal bites the plant.
The plant begins to die.
The jackal bites you but does no damage.
The jackal bites you.
You die...

#..#
##.##
#..#
##.##
#..#
##.##
#.g#
♣♣♣h♣♣♣♣♣
♣<.h@...♣


♣.PPPhP.♣ ♣.P≈≈≈P.♣ ♣.P≈8≈P.♣ ♣.P≈≈≈P.♣ ♣.PPPPP.♣ ♣.......♣ ♣♣♣♣♣♣♣♣♣ You could
see 3 jackals and a goblin.

Vanquished Creatures
  A jackal (D:1)
1 creature vanquished.

Vanquished Creatures (others)
  A plant (D:1)
1 creature vanquished.

Grand Total: 2 creatures vanquished

Notes
Turn   | Place    | Note
-------+----------+-------------------------------------------
     0 | D:1      | Descartes the Demonspawn Wanderer began the quest for the
                  | Orb.
     0 | D:1      | Descartes set off with the following items: a +0 club, 4
                  | throwing nets, a potion of lignification, a +0 leather
                  | armour, a +0 dagger; and the following spell memorised:
                  | Sandblast; and the following spells available to memorise:
                  | Stone Arrow
     0 | D:1      | Reached XP level 1. HP: 13/13 MP: 5/5
    36 | D:1      | Slain by a jackal

Illustrated notes

Levels and vault maps discovered:
D:1:      tarquinn_simple_flora_water_a, layout_loops_ring,
          dreamdust_ecumenical_altar_angels_and_demons

Action                   || total
-------------------------++-------
Melee: Club              ||    10
Armor: Leather armour    ||    11
Dodge: Dodged            ||     8
